 Dungeon Crawl Stone Soup version 0.30-a0-4-ga7cffc901d (webtiles) character file.

Game seed: 14601111561725763729

1330 Zonian the Sneak (level 8, -7/36 HPs)
             Began as a Spriggan Earth Elementalist on Aug 20, 2022.
             Was a Follower of Ashenzari.
             Killed by divine providence
             ... invoked by an orc priest
              (16 damage)
             ... on level 6 of the Dungeon.
             The game lasted 00:18:26 (10067 turns).

Zonian the Sneak (Spriggan Earth Elementalist)     Turns: 10067, Time: 00:18:27

Health: -7/36      AC:  3    Str:  4    XL:     8   Next: 34%
Magic:  15/17      EV: 20    Int: 19    God:    Ashenzari [*.....]
Gold:   185        SH:  0    Dex: 15    Spells: 12/18 levels left

rFire   . . .      SeeInvis +    q - +2 dagger "Celestial Loss" {drain, Range, Evo} (curse)
rCold   . . .      Faith    .    (no shield)
rNeg    . . .      Spirit   .    a - +1 robe
rPois   .          Reflect  .    (helmet restricted)
rElec   .          Harm     .    (no cloak)
rCorr   .          Rampage  .    (gloves unavailable)
Will    +....                    (boots unavailable)
Stlth   ++++......               w - amulet of Ashenzari's Augurer {Regen+, Alch, Melee} (curse)
HPRegen 0.92/turn                (no ring)
MPRegen 0.15/turn                (no ring)

@: very quick
A: very small, no large weapons, unfitting armour, see invisible, speed 3
a: Renounce Religion, Curse Item, Shatter the Chains


You were on level 6 of the Dungeon.
You worshipped Ashenzari.
Ashenzari was aware of your devotion.
You visited 1 branch of the dungeon, and saw 6 of its levels.

You collected 387 gold pieces.
You spent 202 gold pieces at shops.

Inventory:

Hand Weapons
 c - a +0 short sword of chaos
 k - a +0 dagger of protection
 n - a +1 long sword of holy wrath
 o - a +4 mace
 q - the cursed +2 dagger "Celestial Loss" (weapon) {drain, Range, Evo}
   (You took it off a goblin on level 2 of the Dungeon)

   A truly terrible weapon, it drains the life of any living foe it strikes.
   It has a curse which improves the following skills: Ranged Combat: Ranged
   Weapons and Throwing.
   Evocations: Evocations.
Missiles
 u - 13 poisoned darts
Armour
 a - a +1 robe (worn)
 x - a +2 cloak
Magical Staves
 s - a staff of death
Jewellery
 w - the cursed amulet of Ashenzari's Augurer (around neck) {Regen+, Alch, Melee}
   (You acquired it on level 6 of the Dungeon)

   [amulet of regeneration]

   Regen:     It increases your rate of health regeneration.
   It has a curse which improves the following skills: Alchemy: Poison Magic and
   Transmutations.
   Melee Combat: Short Blades, Long Blades, Axes, Maces & Flails, Polearms,
   Staves and Unarmed Combat.
Wands
 f - a wand of roots (12)
 r - a wand of flame (17)
 v - a wand of polymorph (5)
Scrolls
 h - a scroll of magic mapping
 y - a scroll of poison
Potions
 b - a potion of magic
 d - 4 potions of lignification
 e - 5 potions of curing
 g - 3 potions of flight
 i - 2 potions of might
 j - a potion of mutation
 m - a potion of attraction
 p - a potion of resistance
 t - a potion of heal wounds
 z - 3 potions of cancellation


   Skills:
 + Level 6.2 Dodging
 + Level 7.3 Stealth
 + Level 5.7 Spellcasting
 + Level 2.1 Conjurations
 + Level 5.8(6.6) Transmutations
 + Level 4.7 Earth Magic


You had 12 spell levels left.
You knew the following spells:

 Your Spells              Type           Power      Damage    Failure   Level
a - Sandblast             Erth           46%        2d11      1%          1
b - Passwall              Tmut/Erth      22%        N/A       1%          2
c - Stone Arrow           Conj/Erth      36%        3d9       9%          3

Your spell library contained the following spells:

 Spells                   Type           Power      Damage    Failure   Level
 Petrify                  Tmut/Erth      27%        N/A       11%         4
 Ensorcelled Hibernation  Hex/Ice        10%        N/A       17%         2
 Swiftness                Air            5%         N/A       34%         3


Dungeon Overview and Level Annotations

Branches:
Dungeon (6/15)             Temple (0/1) D:5

Altars:
Ashenzari
Cheibriados
Dithmenos
Kikubaaqudgha
Okawaru
Zin

Shops:
D:6 *

Annotations:
D:3 3 runed translucent doors, Setbun's ghost, amateur KoEn
D:4 Natasha
D:5 1 runed translucent door, Crazy Yiuf
D:6 3 runed translucent doors, Zonian's ghost, novice DsNe; slphil's ghost, novice SpAr


Innate Abilities, Weirdness & Mutations

You are very small and have problems with some larger weapons.
You are too small for most types of armour.
You have supernaturally acute eyesight. (SInv)
You cover ground extremely quickly. (Speed+++)


Message History

The orc priest is heavily wounded.
The orc priest misses you.
You closely miss the orc priest.
The orc priest is heavily wounded.
The orc priest mumbles some strange prayers to Beogh against you.
Beogh smites you! The orc misses you. The orc hits you with a +0 mace.
Unknown command.
You hit the orc but do no damage. The orc misses you.
You hit the orc but do no damage. The orc completely misses you.
Unknown command.
Casting: Sandblast (safe; 1% risk of failure)
Confirm with . or Enter, or press ? or * to list all spells.
Aiming: Sandblast (safe; 1% risk of failure)
Press: ? - help, Shift-Dir - straight line, f/p - orc priest
Aim: an orc priest, wielding a +0 flail and wearing a +0 ring mail (heavily wounded, heavily drained, 85% to hit)
The blast of sand hits the orc.
The orc is moderately wounded.
The orc completely misses you.
You closely miss the orc.
The orc is moderately wounded.
The orc priest begins to cast a cantrip, but forgets the words!
The orc misses you.
Unknown command.
Casting: Sandblast (safe; 1% risk of failure)
Confirm with . or Enter, or press ? or * to list all spells.
Aiming: Sandblast (safe; 1% risk of failure)
Press: ? - help, Shift-Dir - straight line, f/p - orc priest
Aim: an orc priest, wielding a +0 flail and wearing a +0 ring mail (heavily wounded, heavily drained, 85% to hit)
The blast of sand hits the orc!
You kill the orc!
The orc priest mumbles some strange prayers to Beogh against you.
Beogh smites you!
* * * LOW HITPOINT WARNING * * *
The orc hits you with a +0 mace.
* * * LOW HITPOINT WARNING * * *
The orc priest looks encouraged for a moment.
Unknown command.
The orc priest mumbles some strange prayers to Beogh against you.
Beogh smites you!
You die...

###............†...............^.
#..............#.###.# #.######
##########.....#.....# ###.#.#
._.. #.#)#.....# #...#.###.#
#.o........ #o#.#######
#.#@....... #......#### ########


You could see an orc priest (very drained).

Vanquished Creatures
  A sky beast (D:6)
  2 black bears
  An ogre (D:5)
  A phantom (D:6)
  2 bullfrogs
  A necrophage (D:6)
  3 scorpions
  A howler monkey (D:6)
  4 hounds (D:6)
  An orc priest (D:5)
  Ijyb (D:5)
  2 iguanas (D:6)
  2 orc wizards
  Natasha (twice) (D:4)
  2 adders
  A white imp (D:5)
  3 ufetubi
  3 worms
  2 dart slugs
  19 orcs
  5 ball pythons
  6 endoplasms
  3 giant cockroaches
  9 goblins
  6 hobgoblins
  17 jackals
  6 quokkas
  5 bats
  2 frilled lizards
  6 kobolds
  5 rats
124 creatures vanquished.

Vanquished Creatures (others)
  A fungus (D:3)
  2 plants (D:3)
  4 withered plants (D:6)
7 creatures vanquished.

Grand Total: 131 creatures vanquished

Notes
Turn   | Place    | Note
-------+----------+-------------------------------------------
     0 | D:1      | Zonian the Spriggan Earth Elementalist began the quest for
                  | the Orb.
     0 | D:1      | Reached XP level 1. HP: 9/9 MP: 5/5
   250 | D:1      | Reached XP level 2. HP: 13/13 MP: 4/6
  1014 | D:1      | Reached XP level 3. HP: 13/16 MP: 1/8
  1746 | D:1      | Learned a level 2 spell: Passwall
  2366 | D:2      | Reached skill level 4 in Stealth
  2729 | D:2      | Reached XP level 4. HP: 9/21 MP: 1/10
  3285 | D:2      | Found a faded altar of an unknown god.
  3542 | D:3      | Found a snail-covered altar of Cheibriados.
  3542 | D:3      | Found a glowing silver altar of Zin.
  3542 | D:3      | Found a shadowy altar of Dithmenos.
  3543 | D:3      | Found a broken altar of Ashenzari.
  3553 | D:3      | Became a worshipper of Ashenzari the Shackled
  3858 | D:3      | Found an ancient bone altar of Kikubaaqudgha.
  3994 | D:3      | Found a runed translucent gate.
  3994 | D:3      | Found a runed translucent gate.
  3995 | D:3      | Found a runed translucent gate.
  3995 | D:3      | Noticed a kobold brigand
  3995 | D:3      | Noticed Setbun's ghost (amateur KoEn)
  4993 | D:4      | Noticed a black bear
  5517 | D:4      | Noticed a scorpion
  5569 | D:4      | Killed a scorpion
  5570 | D:4      | Reached XP level 5. HP: 24/24 MP: 5/11
  5659 | D:4      | Reached skill level 5 in Stealth
  6397 | D:4      | Reached XP level 6. HP: 28/28 MP: 13/13
  6404 | D:4      | Learned a level 3 spell: Stone Arrow
  6489 | D:4      | Noticed Natasha
  6496 | D:4      | Killed Natasha
  6530 | D:4      | Noticed Natasha
  6533 | D:4      | Killed Natasha
  6906 | D:5      | Entered Level 5 of the Dungeon
  7103 | D:4      | Noticed Natasha
  7579 | D:5      | Found a staircase to the Ecumenical Temple.
  8093 | D:5      | Reached skill level 5 in Dodging
  8093 | D:5      | Reached skill level 1 in Conjurations
  8093 | D:5      | Reached XP level 7. HP: 32/32 MP: 13/15
  8212 | D:5      | Noticed Ijyb
  8234 | D:5      | Killed Ijyb
  8257 | D:5      | Identified the cursed +2 dagger "Celestial Loss" {drain,
                  | Range, Evo} (You took it off a goblin on level 2 of the
                  | Dungeon)
  8427 | D:5      | Reached skill level 6 in Stealth
  8497 | D:5      | Reached skill level 5 in Spellcasting
  8637 | D:5      | Found a runed translucent door.
  8638 | D:5      | Noticed Crazy Yiuf
  9051 | D:6      | Identified a scroll of acquirement
  9051 | D:6      | Acquired an amulet of regeneration
  9058 | D:6      | Reached * piety under Ashenzari
  9072 | D:6      | Reached skill level 5 in Transmutations
  9263 | D:6      | Found Ceize's CLEARANCE SALE!.
  9271 | D:6      | Bought a +2 cloak for 82 gold pieces
  9271 | D:6      | Bought 3 potions of cancellation for 120 gold pieces
  9364 | D:6      | Reached XP level 8. HP: 24/36 MP: 11/17
  9527 | D:6      | Reached skill level 7 in Stealth
  9884 | D:6      | Found a runed translucent gate.
  9884 | D:6      | Found a runed translucent gate.
  9884 | D:6      | Found a runed translucent gate.
  9936 | D:6      | Noticed slphil's ghost (novice SpAr)
  9937 | D:6      | Noticed Zonian's ghost (novice DsNe)
  9964 | D:6      | Found an iron altar of Okawaru.
 10067 | D:6      | Killed from afar by an orc priest

Illustrated notes

Levels and vault maps discovered:
D:1:      amcnicky_arrival_underground_garden, layout_basic, st_stairs_13
D:2:      minmay_chambers_of_twos, layout_loops_ring,
          shapermc_ecumenical_altar_mp_highgroup
D:3:      layout_loops_corners, mainiacjoe_overflow_brackets,
          grunt_temple_overflow_open, gammafunk_ghost_nasty_kobolds
D:4:      layout_basic, nicolae_ossuary_entry_plus, kennysheep_minor_cross,
          uniq_natasha
D:5:      black_bear_nest_2, layout_rooms, minmay_temple_entry_large_hall,
          minmay_misc_feat_alley, uniq_ijyb, uniq_crazy_yiuf_cottage
D:6:      layout_basic, mainiacjoe_overflow_cross_hatched,
          gammafunk_ghost_cemetery, minmay_misc_feat_four_crosses,
          nicolae_shop_clearance

Skill      XL: |  1  2  3  4  5  6  7  8 |
---------------+-------------------------+-----
Dodging        | 3 4 5 6 |  6.2
Spellcasting   | 3 4 5 |  5.7
Transmutations | 2 3 4 5 |  5.8
Earth Magic    | 3 4 |  4.7
Stealth        | 4 5 6 7 |  7.3
Conjurations   | 1 2 |  2.1

Action                   |  1- 3 |  4- 6 |  7- 9 || total
-------------------------+-------+-------+-------++-------
Melee: Short sword       |    18 |       |       ||    18
       Dagger            |     5 |    41 |    49 ||    95
       Mace              |     3 |       |       ||     3
       Unarmed           |       |       |     4 ||     4
       Punch             |       |       |     1 ||     1
 Cast: Sandblast         |    67 |    99 |    55 ||   221
       Passwall          |       |     2 |       ||     2
Invok: Curse Item        |       |     1 |     1 ||     2
  Use: Scroll            |       |    10 |     2 ||    12
       Potion            |       |     1 |       ||     1
 Stab: Sleeping          |     3 |     4 |     2 ||     9
Armor: Robe              |    10 |     6 |     5 ||    21
Dodge: Dodged            |    73 |    79 |    70 ||   222

Table legend: (Time is in decaauts)
 A = Elapsed time spent in this place.
 B = Non-inter-level travel time spent in this place.
 C = Inter-level travel time spent in this place.
 D = Time resting spent in this place.
 E = Time spent auto-exploring this place.
 F = Levels seen in this place.
 G = Mean time per level.
                   A        B        C        D        E       F      G
               +--------+--------+--------+--------+--------+-----+--------+
         Total |   8437 |   8299 |    138 |   4276 |   2717 |   6 | 1406.2 |
       Dungeon |   8437 |   8299 |    138 |   4276 |   2717 |   6 | 1406.2 |
               +--------+--------+--------+--------+--------+-----+--------+

Top non-repeatable levels by time:
     D:4: 1895 daAuts
     D:1: 1613 daAuts
     D:3: 1473 daAuts
     D:2: 1378 daAuts
     D:5: 1236 daAuts
     D:6: 840 daAuts
